 Dungeon Crawl Stone Soup version 0.29.1-15-g9cfb28693d (webtiles) character file.

Game seed: 17884169365900111686

735 croobank the Caller (level 7, 0/51 HPs)
             Began as a Demonspawn Summoner on Mar 5, 2023.
             Succumbed to a killer bee's poison
             ... on level 6 of the Dungeon.
             The game lasted 00:22:28 (5905 turns).

croobank the Caller (Demonspawn Summoner)           Turns: 5905, Time: 00:22:29

Health: 0/51       AC:  8    Str:  8    XL:     7   Next: 45%
Magic:  1/12       EV: 13    Int: 18    God:
Gold:   266        SH:  0    Dex: 14    Spells: 2/13 levels left

rFire   + . .      SeeInvis .   a - +3 dagger (venom)
rCold   . . .      Faith    .   (no shield)
rNeg    . . .      Spirit   .   o - +0 robe
rPois   .          Reflect  .   (helmet restricted)
rElec   .          Harm     .   q - scarf {+Inv}
rCorr   .          Rampage  .   (no gloves)
Will    .....                   (no boots)
Stlth   ++........              (no amulet)
HPRegen 0.17/turn               h - +4 ring of protection
MPRegen 0.13/turn               u - ring of protection from fire

@: brilliant, lethally poisoned (0 -> -5)
A: antennae 1, slimy green scales 1, powered by pain 1
a: Evoke Invisibility


You were on level 6 of the Dungeon.
You visited 1 branch of the dungeon, and saw 6 of its levels.

You collected 266 gold pieces.

Inventory:

Hand Weapons
 a - a +3 dagger of venom (weapon)
 b - a +2 dagger of pain
 k - a +0 sling
Missiles
 m - 6 boomerangs
Armour
 d - a +0 cloak
 o - a +0 robe (worn)
 q - a scarf of invisibility (worn)
Jewellery
 h - a +4 ring of protection (left hand)
 u - a ring of protection from fire (right hand)
 y - a ring of wizardry
Wands
 l - a wand of quicksilver (12)
Scrolls
 e - 2 scrolls of immolation
 g - a scroll of amnesia
 i - 6 scrolls of teleportation
 s - a scroll of fear {unknown}
 v - a scroll of magic mapping
 x - a scroll of identify
Potions
 f - a potion of lignification
 n - a potion of haste
 p - a potion of mutation
 r - 2 potions of flight
 t - a potion of berserk rage
 w - 2 potions of cancellation
 z - a potion of degeneration {unknown}


   Skills:
 + Level 2.9 Fighting
 + Level 3.3 Dodging
 + Level 3.6 Stealth
 + Level 3.6 Spellcasting
 + Level 5.1 Summonings
 * Level 3.1 Fire Magic


You had 2 spell levels left.
You knew the following spells:

 Your Spells              Type           Power      Damage    Failure   Level
a - Summon Small Mammal   Summ           100%       N/A       1%          1
b - Call Imp              Summ           32%        N/A       2%          2
c - Call Canine Familiar  Summ           32%        N/A       5%          3
d - Scorch                Fire           44%        2d7       6%          2
e - Summon Guardian Gole  Hex/Summ       18%        N/A       16%         3

Your spell library contained the following spells:

 Spells                   Type           Power      Damage    Failure   Level
 Ensorcelled Hibernation  Hex/Ice        8%         N/A       24%         2
 Spider Form              Tmut/Pois      4%         N/A       43%         3
 Swiftness                Air            4%         N/A       43%         3
 Summon Lightning Spire   Summ/Air       18%        N/A       47%         4
 Flame Wave               Conj/Fire      13%        2d6       63%         4
 Anguish                  Hex/Necr       2%         N/A       83%         4
 Summon Cactus Giant      Summ           16%        N/A       96%         6
 Borgnjor's Vile Clutch   Necr/Erth      2%         N/A       99%         5


Dungeon Overview and Level Annotations

Branches:
Dungeon (6/15)
 Temple: D:4-7

Altars:
Ashenzari
Dithmenos

Shops:
D:1 (   D:2 [   D:4 ?   D:5 (

Annotations:
D:1 1 runed translucent door


Innate Abilities, Weirdness & Mutations

You have a pair of small antennae on your head.
You are partially covered in slimy green scales. (AC +2)
You sometimes gain a little power by taking damage.


Message History

The killer bee attacks as you move away!
The killer bee stings you but does no damage.
The killer bee stings you.
Your magical contamination has completely faded away.
The jelly attacks as you move away! The jelly hits you but does no damage.
The killer bee stings you. The killer bee closely misses you. x2
The killer bee attacks as you move away!
The killer bee stings you.
* * * LOW HITPOINT WARNING * * *
The jelly jiggles.
The killer bee stings you but does no damage.
The killer bee barely misses you.
The killer bee attacks as you move away!
The killer bee stings you but does no damage.
The killer bee stings you.
* * * LOW HITPOINT WARNING * * *
You are poisoned.
The killer bee poisons you!
The killer bee stings you but does no damage.
The killer bee attacks as you move away!
The killer bee stings you but does no damage.
You feel sick. The killer bee closely misses you.
The killer bee stings you but does no damage.
There is a stone staircase leading up here.
Okay, then.
Okay, then.
Casting: Scorch (safe; 6% risk of failure)
Confirm with . or Enter, or press ? or * to list all spells.
Okay, then.
Casting: Scorch (safe; 6% risk of failure)
Confirm with . or Enter, or press ? or * to list all spells.
You feel a surge of power!
A guardian golem appears, shielding your allies.
You feel sick. The killer bee barely misses you. The killer bee stings you.
* * * LOW HITPOINT WARNING * * *
The killer bee stings you but does no damage.
The killer bee stings you.
* * * LOW HITPOINT WARNING * * *
You swap places.
You die...

>......
#.....'...#
...y...
#.....#...#
.......
#.....#...#
.......
#.....#...#
..yy...
#.....###'#
#J....#...#
#yyX..#...#
#9....#...#
#@....#...# ..
#.....#...# ..
#.....#...# ..
#.....#...# #.
#.....#...#
#.#+###.....#...#
#...........#####
+...........#
#)..........#


You could see a nameless horror, a jelly, 2 killer bees and a friendly guardian
golem (summoned).

Vanquished Creatures
  A phantom (D:5)
  A gnoll sergeant (D:4)
  A killer bee (D:6)
  A gnoll (D:3)
  An adder (D:5)
  A worm (D:3)
  5 orcs
  3 endoplasms
  2 giant cockroaches
  6 goblins
  2 hobgoblins
  A jackal (D:3)
  3 quokkas
  A bat (D:1)
  2 frilled lizards
31 creatures vanquished.

Vanquished Creatures (collateral kills)
  A steam dragon (D:4)
  An ogre (D:4)
  A scorpion (D:5)
  An orc priest (D:5)
  2 orc wizards
  Robin (D:3)
  5 gnolls
  An ufetubus (D:4)
  6 dart slugs
  5 orcs
  3 bats
  6 endoplasms
  A giant cockroach (D:1)
  11 goblins
  7 hobgoblins
  6 jackals
  2 quokkas
  5 ball pythons
  A frilled lizard (D:1)
  3 kobolds
  3 rats
72 creatures vanquished.

Vanquished Creatures (others)
  An orc (D:5)
  A plant (D:5)
2 creatures vanquished.

Grand Total: 105 creatures vanquished

Notes
Turn   | Place    | Note
-------+----------+-------------------------------------------
     0 | D:1      | croobank the Demonspawn Summoner began the quest for the
                  | Orb.
     0 | D:1      | Reached XP level 1. HP: 13/13 MP: 3/3
     3 | D:1      | Found a runed translucent door.
   229 | D:1      | Found a faded altar of an unknown god.
   437 | D:1      | Gained mutation: You have a pair of small antennae on your
                  | head. [demonic ancestry]
   437 | D:1      | Reached XP level 2. HP: 17/20 MP: 1/5
   579 | D:1      | Found Osufri's Weapon Shoppe.
   661 | D:1      | Learned a level 2 spell: Call Imp
  1581 | D:2      | Reached XP level 3. HP: 22/25 MP: 2/6
  1585 | D:2      | Learned a level 3 spell: Call Canine Familiar
  1671 | D:2      | Got Daagit's Commentary on the Terrestrial Storm
  1795 | D:2      | Found Etetao Nesa's Armour Shop.
  1892 | D:2      | Reached skill level 1 in Fighting
  2907 | D:3      | Reached XP level 4. HP: 28/32 MP: 0/8
  2988 | D:3      | Noticed Robin
  3054 | D:4      | Found a shadowy altar of Dithmenos.
  3098 | D:4      | Noticed a steam dragon
  3160 | D:4      | Noticed an ogre
  3165 | D:4      | Learned a level 2 spell: Scorch
  3174 | D:4      | Killed an ogre
  3175 | D:4      | Reached skill level 1 in Fire Magic
  3175 | D:4      | Reached XP level 5. HP: 38/38 MP: 0/9
  3337 | D:3      | Killed Robin
  3827 | D:4      | Gained mutation: You are partially covered in slimy green
                  | scales. (AC +2) [demonic ancestry]
  3827 | D:4      | Reached XP level 6. HP: 44/44 MP: 2/10
  4028 | D:4      | Killed a steam dragon
  4385 | D:4      | Found Leonuemo's Magic Scroll Boutique.
  4999 | D:5      | Entered Level 5 of the Dungeon
  5056 | D:5      | Reached skill level 5 in Summonings
  5056 | D:5      | Gained mutation: You sometimes gain a little power by
                  | taking damage. [demonic ancestry]
  5056 | D:5      | Reached XP level 7. HP: 51/51 MP: 1/12
  5177 | D:5      | Found a broken altar of Ashenzari.
  5206 | D:5      | Learned a level 3 spell: Summon Guardian Golem
  5355 | D:5      | Found Gootuhy's Hydra Hut.
  5360 | D:5      | Noticed a five-headed hydra
  5904 | D:6      | HP: 1/51 [killer bee (4)]
  5905 | D:6      | Succumbed to a killer bee's poison

Illustrated notes

Levels and vault maps discovered:
D:1:      dpeg_arrival_caged_fury, layout_loops_cross, serial_shops,
          nicolae_shop_bloodbath_and_beyond,
          shapermc_ecumenical_altar_notcrosses, minmay_heptomino_d4
D:2:      layout_basic, serial_shops, shop
D:3:      layout_rooms, uniq_robin
D:4:      layout_cave_pools, nicolae_overflow_hidden_temple, serial_shops,
          nicolae_diamond_shop, lightli_minifort
D:5:      layout_cave_pools, old_standard_altar, doesnt_shop_hydraphobe
D:6:      layout_gridville, lemuel_doored_altar,
          minmay_temple_entry_glassed_door

Skill      XL: |  1  2  3  4  5  6  7 |
---------------+----------------------+-----
Stealth        | 2 3 |  3.6
Dodging        | 2 3 |  3.3
Fighting       | 1 2 |  2.9
Spellcasting   | 3 |  3.6
Fire Magic     | 1 2 3 |  3.1
Summonings     | 5 |  5.1

Action                   |  1- 3 |  4- 6 |  7- 9 || total
-------------------------+-------+-------+-------++-------
Melee: Unarmed           |    49 |       |       ||    49
       Dagger            |    27 |    50 |    15 ||    92
 Cast: Summon Small Mamm |    44 |    22 |     4 ||    70
       Call Imp          |    11 |    11 |     2 ||    24
       Call Canine Famil |     8 |    14 |     3 ||    25
       Scorch            |       |     9 |     7 ||    16
       Summon Guardian G |       |       |     3 ||     3
Evoke: Wand              |       |     1 |       ||     1
  Use: Scroll            |       |    12 |       ||    12
       Potion            |       |     2 |     2 ||     4
 Stab: Distracted        |     2 |     1 |       ||     3
       Sleeping          |     6 |       |       ||     6
Armor: Robe              |    28 |    24 |    21 ||    73
       Skin              |       |     3 |       ||     3
Dodge: Dodged            |    74 |    32 |    30 ||   136
